 Dungeon Crawl Stone Soup version 0.30-a0-459-g9104f0fc43 (webtiles) character file.

Game seed: 6006304933903976393

47 Darkkill the Shooter (level 3, -3/31 HPs)
             Began as a Minotaur Hunter on Dec 15, 2022.
             Slain by a gnoll
             ... wielding a +2 flail of protection
              (10 damage)
             ... on level 2 of the Dungeon.
             The game lasted 00:01:13 (953 turns).

Darkkill the Shooter (Minotaur Hunter)               Turns: 953, Time: 00:01:14

Health: -3/31      AC:  4    Str: 15    XL:     3   Next: 48%
Magic:  2/2        EV: 12    Int:  6    God:
Gold:   59         SH:  0    Dex: 15    Spells: 2/2 levels left

rFire   . . .      SeeInvis .    a - +0 shortbow
rCold   . . .      Faith    .    (shield currently unavailable)
rNeg    . . .      Spirit   .    c - +0 leather armour
rPois   .          Reflect  .    (helmet restricted)
rElec   .          Harm     .    (no cloak)
rCorr   .          Rampage  .    (no gloves)
Will    .....                    f - +0 pair of boots
Stlth   ++........               k - amulet of regeneration
HPRegen 1.05/turn                (no ring)
MPRegen 0.08/turn                (no ring)

@: no status effects
A: horns 2, retaliatory headbutt
a: no special abilities


You were on level 2 of the Dungeon.
You visited 1 branch of the dungeon, and saw 2 of its levels.

You collected 59 gold pieces.

Inventory:

Hand Weapons
 a - a +0 shortbow (weapon)
Missiles
 d - 16 stones
Armour
 c - a +0 leather armour (worn)
 f - a +0 pair of boots (worn)
Jewellery
 k - an amulet of regeneration (around neck)
Scrolls
 b - a scroll of immolation
Potions
 h - a potion of might
 i - a potion of mutation {unknown}


   Skills:
 + Level 3.2 Fighting
 + Level 4.7 Ranged Weapons
 + Level 2.8 Dodging
 + Level 1.6 Stealth


You had 2 spell levels left.
You didn't know any spells.
Your spell library was empty.

Dungeon Overview and Level Annotations

Branches:
Dungeon (2/15)

Altars:


Innate Abilities, Weirdness & Mutations

You have a pair of horns on your head.
You reflexively headbutt those who attack you in melee.


Message History

Found a dagger.
No target in view!
d - 16 stones (gained 4)
Things that are here:
a +0 dagger; a goblin corpse
Found a leather armour.
No target in view!
You see here a +0 leather armour.
Found a stone staircase leading down.
No target in view!
Found a ring mail.
No target in view!
There is a stone staircase leading down here.
You see here a +0 ring mail.
k - an amulet of regeneration No target in view!
You see here a +0 dagger.
You enter the shallow water.
Moving in this stuff is going to be slow.
There is a stone staircase leading down here.
You see here a +0 dagger.
You see here a +0 club.
Partly explored, can't reach some items.
No target in view!
Partly explored, can't reach some items.
No target in view!
Partly explored, can't reach some items.
No target in view!
Partly explored, can't reach some items.
No target in view!
Partly explored, can't reach some items.
No target in view!
Partly explored, can't reach some items.
No target in view!
As you read the scroll labelled XIORHEY JILOF, it crumbles to dust.
It is a scroll of identify.
h - a potion of might
As you read the scroll labelled HIARRU WUBYURI, it crumbles to dust.
Wisps of shadow whirl around you...
It was a scroll of summoning.
As you read the scroll labelled IQORCHI OKASOC, it crumbles to dust.
You feel strangely unstable.
It was a scroll of teleportation.
You start putting on your armour.
You continue putting on your +0 pair of boots. x3
Your surroundings suddenly seem different.
You continue putting on your +0 pair of boots.
You finish putting on your +0 pair of boots.
Partly explored, can't reach some items.
You start putting on your amulet.
You continue putting on your amulet of regeneration. x5
You finish putting on your amulet of regeneration.
The amulet throbs as it attunes itself to your uninjured body.
k - an amulet of regeneration (around neck)
There is a stone staircase leading down here.
You see here a +0 dagger.
Your goblin dissolves into shadows!
There is a stone staircase leading down here.
You see here a +0 dagger.
You climb downwards.
The gnoll shouts! x3
Found six items.
Found a stone staircase leading up.
There is a stone staircase leading up here.
There are monsters nearby!
You shoot an arrow. The arrow barely misses the gnoll.
The gnoll closely misses you.
The gnoll hits you from afar with a +0 spear.
You shoot an arrow. The arrow completely misses the gnoll.
The gnoll barely misses you.
The gnoll hits you from afar with a +0 spear.
The gnoll completely misses you.
There are monsters nearby!
You shoot an arrow. The arrow barely misses the gnoll.
The gnoll hits you from afar with a +0 spear!
The gnoll completely misses you. The gnoll closely misses you.
There are monsters nearby!
You are too injured to fight recklessly!
There are monsters nearby!
You are too injured to fight recklessly!
There are monsters nearby!
You are too injured to fight recklessly!
There are monsters nearby!
You are too injured to fight recklessly!
There are monsters nearby!
You shoot an arrow. The arrow hits the gnoll.
The gnoll is moderately wounded.
The gnoll hits you from afar with a +0 spear.
The gnoll closely misses you.
The gnoll hits you from afar with a +0 spear. x2
The gnoll closely misses you.
The gnoll hits you from afar with a +0 spear.
* * * LOW HITPOINT WARNING * * *
The gnoll closely misses you.
You shoot an arrow. The arrow hits the gnoll.
The gnoll is heavily wounded.
The gnoll closely misses you. The gnoll hits you but does no damage.
The gnoll hits you from afar with a +0 spear.
* * * LOW HITPOINT WARNING * * *
The gnoll barely misses you. The gnoll closely misses you.
The gnoll hits you with a +2 flail of protection!
You die...

.. #. #. .
#.## ###..
#.........
####..#..<#
#..g.g..#
#..g.@..#
#.....[.#
#..g...!.#
#.........#
#)......#.#
#).....)#...
#......[#
...
#.......# ..


You could see 4 gnolls.

Vanquished Creatures
  A gnoll (D:1)
  2 dart slugs (D:1)
  5 bats (D:1)
  3 endoplasms (D:1)
  8 goblins (D:1)
  2 hobgoblins (D:1)
  3 jackals (D:1)
  A ball python (D:1)
  2 kobolds (D:1)
  5 rats (D:1)
32 creatures vanquished.

Vanquished Creatures (others)
  7 plants (D:1)
7 creatures vanquished.

Grand Total: 39 creatures vanquished

Notes
Turn   | Place    | Note
-------+----------+-------------------------------------------
     0 | D:1      | Darkkill the Minotaur Hunter began the quest for the Orb.
     0 | D:1      | Reached XP level 1. HP: 18/18 MP: 0/0
    92 | D:1      | Reached skill level 1 in Stealth
   134 | D:1      | Reached XP level 2. HP: 25/25 MP: 1/1
   224 | D:1      | Reached XP level 3. HP: 31/31 MP: 2/2
   952 | D:2      | HP: 6/31 [gnoll/+0 spear (2)]
   953 | D:2      | Slain by a gnoll

Illustrated notes

Levels and vault maps discovered:
D:1:      lemuel_arrival_lava_pool, layout_loops_cross, serial_forest,
          infiniplex_forest_clump_diagonal, infiniplex_forest_lined_2,
          infiniplex_forest_pool, infiniplex_forest_straight_4,
          infiniplex_forest_end_2, infiniplex_forest_clump_small
D:2:      layout_rooms, basic_altar, hex_tiny

Skill      XL: |  1  2 |
---------------+-------+-----
Stealth        | 1 |  1.6
Fighting       | 3 |  3.2
Ranged Weapons | |  4.7
Dodging        | |  2.8

Action                   || total
-------------------------++-------
 Fire: Shortbow          ||    80
  Use: Scroll            ||     3
Armor: Leather armour    ||     8
Dodge: Dodged            ||    36

Table legend: (Time is in decaauts)
 A = Elapsed time spent in this place.
 B = Non-inter-level travel time spent in this place.
 C = Inter-level travel time spent in this place.
 D = Time resting spent in this place.
 E = Time spent auto-exploring this place.
 F = Levels seen in this place.
 G = Mean time per level.
                   A        B        C        D        E       F      G
               +--------+--------+--------+--------+--------+-----+--------+
         Total |    978 |    879 |     99 |      0 |    709 |   2 |  489.0 |
       Dungeon |    978 |    879 |     99 |      0 |    709 |   2 |  489.0 |
               +--------+--------+--------+--------+--------+-----+--------+

Top non-repeatable levels by time:
     D:1: 970 daAuts
     D:2: 7 daAuts

Table legend:
 A = Kills in this place as a percentage of kills in entire the game.
 B = Kills by you in this place as a percentage of kills by you in the entire game.
 C = Kills by friends in this place as a percentage of kills by friends in the entire game.
 D = Other kills in this place as a percentage of other kills in the entire game.
 E = Experience gained in this place as a percentage of experience gained in the entire game.
 F = Experience gained in this place divided by the number of levels of this place that you have seen.
                   A       B       C       D       E      F
               +-------+-------+-------+-------+-------+----------------------
         Total | 100.0 | 100.0 |   N/A |   N/A | 100.0 |  34.0
       Dungeon | 100.0 | 100.0 |   N/A |   N/A | 100.0 |  34.0
               +-------+-------+-------+-------+-------+----------------------
